 Dungeon Crawl Stone Soup version bcrawl-1.32 (webtiles) character file.

Game seed: 17721700453976594997

126508 Morbidden the Ducker (level 5, -1/45 HPs)
             Began as an Avariel Archaeologist on July 8, 2021.
             Slain by a scorpion (6 damage)
             ... on level 4 of the Dungeon.
             The game lasted 00:02:51 (2407 turns).

Morbidden the Ducker (Avariel Archaeologist)        Turns: 2407, Time: 00:02:52

Health: -1/45      AC: 22    Str: 14    XL:     5   Next: 0%
Magic:  7/7        EV:  1    Int: 21    God:
Gold:   99         SH:  0    Dex: 11    Spells: 4/4 levels left

rFire    + . .     SeeInvis .   a - +0 dagger
rCold    + . .     Gourm    .   (no shield)
rNeg     + + +     Faith    .   (armour currently unavailable)
rPois    +         Spirit   .   (helmet currently unavailable)
rElec    +         Reflect  .   (cloak currently unavailable)
rCorr    +         Harm     .   (gloves currently unavailable)
MR       .....     NoTele   +   (boots currently unavailable)
Stlth    ++........             (no amulet)
HPRegen  0.15/turn              o - ring of insulation
MPRegen  0.10/turn              (no ring)

@: mighty, lethally poisoned (-1 -> -7), tree-form, resistant
A: giant
a: no special abilities


You were on level 4 of the Dungeon.
You were not hungry.
You were a tree.
You visited 1 branch of the dungeon, and saw 4 of its levels.

You collected 165 gold pieces.
You spent 66 gold pieces at shops.

Inventory:

Hand Weapons
 a - a +0 dagger (weapon)
 b - a +0 blowgun
 s - a +0 long sword
Missiles
 n - 99 poisoned needles
Armour
 c - a +1 robe (melded)
 d - a +1 hat (melded)
 h - the +1 pair of gauntlets of War {Slay+6}
   (You acquired it on level 4 of the Dungeon)

   It affects your accuracy and damage with ranged weapons and melee attacks
   (+6).
 k - a +1 pair of boots (melded)
Jewellery
 o - a ring of insulation (left branch)
Scrolls
 g - a scroll of magic mapping
 i - 2 scrolls of identify
 j - a scroll of teleportation {unknown}
 l - a scroll of fear {unknown}
 p - 5 scrolls of remove curse {unknown}
Potions
 f - a potion of brilliance {unknown}
 m - a potion of agility {unknown}
 q - 2 potions of curing {unknown}
 t - a potion of resistance
 u - a potion of lignification
Comestibles
 e - 4 rations {!d}


   Skills:
 * Level 1.7 Fighting
 + Level 1.2 Short Blades
 * Level 0.3(0.9) Long Blades
   Level 1.0 Maces & Flails
 * Level 4.7 Dodging
 + Level 3.9 Stealth
 * Level 0.4 Spellcasting


You had 4 spell levels left.
You didn't know any spells.
Your spell library was empty.

Dungeon Overview and Level Annotations

Branches:
Dungeon (4/12)
 Temple: D:4-7

Altars:

Shops:
D:4 !


Message History

The scorpion stings you but does no damage.
You barely miss the scorpion.
The scorpion is lightly wounded.
* * * LOW HITPOINT WARNING * * *
You feel sick.
The scorpion stings you but does no damage.
Unknown command.
It was a potion of might.
You feel very mighty all of a sudden.
* * * LOW HITPOINT WARNING * * *
You feel sick.
The scorpion stings you but does no damage.
Unknown command.
Unknown command.
Okay, then.
It was a potion of resistance.
You feel protected.
* * * LOW HITPOINT WARNING * * *
You feel sick. The scorpion stings you.
You die...

####.# #.# #.# ###
#.# ##.## #.#
##.#.### #.# #.###..#
#.# ##.#.#.# #.#
#......#
#.######.#.#.♣#
#..........#.s.......
########.###..#######
#.....#. <....# #
#####.# .# .


You could see a scorpion.

Vanquished Creatures
  A worker ant (D:2)
  A hound skeleton (D:4)
  3 adders
  An ooze (D:1)
  2 dart slugs
  A leopard gecko (D:1)
  4 bats
  3 goblins
  8 hobgoblins
  3 quokkas
  8 kobolds
  A quokka skeleton (D:4)
  5 rats
41 creatures vanquished.

Notes
Turn   | Place    | Note
-------+----------+-------------------------------------------
     0 | D:1      | Morbidden the Avariel Archaeologist began the quest for the
                  | Orb.
     0 | D:1      | Reached XP level 1. HP: 11/11 MP: 3/3
   118 | D:1      | Reached XP level 2. HP: 16/16 MP: 4/4
   274 | D:1      | Reached skill level 4 in Dodging
   618 | D:1      | Reached skill level 1 in Maces & Flails
   618 | D:1      | Reached XP level 3. HP: 2/20 MP: 5/5
  1050 | D:2      | Reached skill level 1 in Fighting
  1441 | D:2      | Reached XP level 4. HP: 10/25 MP: 6/6
  2157 | D:3      | Reached skill level 1 in Short Blades
  2271 | D:4      | Found Zeoz's Distillery.
  2304 | D:4      | Bought a potion of lignification for 33 gold pieces
  2304 | D:4      | Bought a potion of lignification for 33 gold pieces
  2372 | D:4      | Reached XP level 5. HP: 30/30 MP: 7/7
  2372 | D:4      | Identified a scroll of acquirement
  2372 | D:4      | Identified the +7 lajatang of Cice {freeze, Fragile rElec
                  | Dex+2} (You acquired it on level 4 of the Dungeon)
  2372 | D:4      | Identified the amulet of Yffonycy {Spirit rN+ Int+6 Stlth+}
                  | (You acquired it on level 4 of the Dungeon)
  2373 | D:4      | Found the +1 pair of gauntlets of War {Slay+6}
  2407 | D:4      | Slain by a scorpion

Skill      XL: |  1  2  3  4 |
---------------+-------------+-----
Dodging        | 4 |  4.7
Maces & Flails | 1 |  1.0
Fighting       | 1 |  1.7
Short Blades   | 1 |  1.2
Long Blades    | |  0.3
Stealth        | |  3.9
Spellcasting   | |  0.4

Action                   |  1- 3 |  4- 6 || total
-------------------------+-------+-------++-------
Melee: Whip              |    85 |       ||    85
       Dagger            |    48 |   165 ||   213
 Fire: Blowgun           |     6 |       ||     6
  Use: Potion            |       |     3 ||     3
       Scroll            |       |     1 ||     1
 Stab: Sleeping          |     2 |     3 ||     5
  Eat: Chunk             |     5 |     4 ||     9
       Ration            |       |     1 ||     1
Armor: Robe              |    31 |    62 ||    93
       Skin              |       |    11 ||    11
Dodge: Dodged            |    99 |   135 ||   234
